3329 views
Uploaded 2019-12-29 14:13:23
Game version 1.32.0.4
26:10 long 3on3 ladder game on (6)RollingHills
Saved by BEARAND
3329 views
Uploaded 2019-12-29 14:13:23
Game version 1.32.0.4
26:10 long 3on3 ladder game on (6)RollingHills


65 units @ 6.6k
/ 0.6k
175 buildings @ 10.2k
/ 5k
IcebergSlim
(26:14) : 

| Healing Salve | 4 | 400 |
| Lesser Clarity Potion | 3 | 210 |
| Orb of Lightning | 1 | 375 |
| Boots of Speed | 2 | 500 |
| Staff of Teleportation | 1 | 150 |
| Staff of Sanctuary | 1 | 250 |
| total: | 12 | 1885g |
| Peon | 10 | 750 | / | 0 |
| Demolisher | 1 | 220 | / | 50 |
| Troll Batrider | 7 | 1120 | / | 280 |
| total: | 18 | 2090g | / | 330w |
| Watch Tower | 3 | 330 | / | 240 |
| Altar of Storms | 1 | 180 | / | 50 |
| Orc Burrow | 4 | 640 | / | 160 |
| War Mill | 1 | 205 | / | 0 |
| Voodoo Lounge | 3 | 390 | / | 90 |
| Barracks | 2 | 360 | / | 100 |
| Beastiary | 2 | 290 | / | 280 |
| Stronghold | 1 | 315 | / | 190 |
| Fortress | 1 | 325 | / | 190 |
| total: | 16 | 2395g | / | 920w |
| 0:04 | Peon |
| 0:04 | Peon |
| 0:08 | Altar of Storms |
| 0:20 | Orc Burrow |
| 0:24 | Peon |
| 0:39 | Peon |
| 0:51 | War Mill |
| 0:58 | Peon |
| 1:09 | Voodoo Lounge |
| 1:15 | Peon |
| 1:24 | Peon |
| 1:33 | Peon |
| 1:49 | Orc Burrow |
| 1:54 | Peon |
| 2:17 | Voodoo Lounge |
| 2:21 | Shockwave |
| 2:27 | Peon |
| 2:30 | Watch Tower |
| 3:36 | Stronghold |
| 3:40 | Boots of Speed |
| 3:41 | Staff of Teleportation |
| 4:05 | Voodoo Lounge |
| 4:23 | Healing Salve |
| 4:23 | Lesser Clarity Potion |
| 4:47 | Watch Tower |
| 7:11 | Watch Tower |
| 7:36 | Hex |
| 8:45 | Barracks |
| 8:46 | Barracks |
| 9:32 | Orc Burrow |
| 9:34 | Orc Burrow |
| 9:45 | Healing Salve |
| 9:52 | Lesser Clarity Potion |
| 9:58 | Steel Ranged Weapons |
| 10:27 | Demolisher |
| 10:42 | Endurance Aura |
| 11:02 | Fortress |
| 11:55 | Healing Salve |
| 11:55 | Lesser Clarity Potion |
| 13:25 | Thorium Ranged Weapons |
| 13:33 | Orb of Lightning |
| 13:58 | Beastiary |
| 14:01 | Beastiary |
| 14:15 | Burning Oil |
| 15:37 | Troll Batrider |
| 15:37 | Troll Batrider |
| 16:37 | Troll Batrider |
| 16:38 | Liquid Fire |
| 18:13 | Healing Wave |
| 18:27 | Troll Batrider |
| 19:24 | Troll Batrider |
| 19:25 | Troll Batrider |
| 20:09 | Healing Salve |
| 21:15 | Staff of Sanctuary |
| 21:26 | Boots of Speed |
| 21:50 | Shockwave |
| 24:32 | Troll Batrider |
| 26:11 | Healing Wave |
| Right click | 2437 |
| Select group | 551 |
| Select | 346 |
| Chat | 160 |
| Misc. action | 143 |
| Use ability | 104 |
| Build/train/purchase | 58 |
| Resource trade | 56 |
| Assign group | 14 |
| Item give/drop | 1 |
| Esc | 1 |
| Minimap ping | 1 |
TIMG4STRok
(26:14) : 


x1)
| Lesser Clarity Potion | 1 | 70 |
| Staff of Sanctuary | 3 | 750 |
| Periapt of Vitality | 2 | 650 |
| Staff of Teleportation | 3 | 450 |
| Boots of Speed | 3 | 750 |
| Tome of Retraining | 1 | 300 |
| Circlet of Nobility | 1 | 175 |
| Healing Salve | 2 | 200 |
| Orb of Lightning | 2 | 750 |
| total: | 18 | 4095g |
| Peasant | 16 | 1200 | / | 0 |
| Priest | 2 | 270 | / | 20 |
| Dragonhawk Rider | 6 | 1200 | / | 180 |
| total: | 24 | 2670g | / | 200w |
| Scout Tower | 61 | 1830 | / | 1220 |
| Arcane Tower | 8 | 560 | / | 400 |
| Guard Tower | 20 | 1400 | / | 1000 |
| Altar of Kings | 1 | 180 | / | 50 |
| Farm | 5 | 400 | / | 100 |
| Lumber Mill | 1 | 120 | / | 0 |
| Town Hall | 1 | 385 | / | 205 |
| Arcane Vault | 3 | 390 | / | 90 |
| Blacksmith | 1 | 140 | / | 60 |
| Barracks | 1 | 160 | / | 60 |
| Arcane Sanctum | 1 | 150 | / | 140 |
| Gryphon Aviary | 1 | 140 | / | 150 |
| Keep | 1 | 320 | / | 210 |
| Castle | 1 | 360 | / | 210 |
| total: | 76 | 3895g | / | 2075w |
| 0:04 | Peasant |
| 0:04 | Peasant |
| 0:07 | Altar of Kings |
| 0:12 | Farm |
| 0:24 | Peasant |
| 0:24 | Peasant |
| 0:44 | Lumber Mill |
| 0:57 | Peasant |
| 1:01 | Farm |
| 1:11 | Peasant |
| 1:11 | Peasant |
| 1:17 | Peasant |
| 1:18 | Peasant |
| 1:32 | Scout Tower |
| 1:40 | Peasant |
| 1:52 | Scout Tower |
| 1:57 | Peasant |
| 2:01 | Arcane Tower |
| 2:09 | Scout Tower |
| 2:09 | Scout Tower |
| 2:17 | Peasant |
| 2:25 | Summon Water Elemental |
| 2:33 | Peasant |
| 2:36 | Guard Tower |
| 2:37 | Guard Tower |
| 2:39 | Scout Tower |
| 2:42 | Scout Tower |
| 3:12 | Guard Tower |
| 3:14 | Scout Tower |
| 3:14 | Scout Tower |
| 3:17 | Peasant |
| 3:19 | Improved Masonry |
| 3:22 | Scout Tower |
| 3:49 | Keep |
| 3:59 | Arcane Tower |
| 4:12 | Scout Tower |
| 4:12 | Scout Tower |
| 4:24 | Guard Tower |
| 4:33 | Scout Tower |
| 4:34 | Scout Tower |
| 4:41 | Scout Tower |
| 4:41 | Scout Tower |
| 4:43 | Scout Tower |
| 5:09 | Arcane Tower |
| 5:09 | Guard Tower |
| 5:13 | Guard Tower |
| 5:15 | Scout Tower |
| 5:18 | Scout Tower |
| 5:19 | Scout Tower |
| 5:28 | Farm |
| 5:29 | Farm |
| 5:48 | Periapt of Vitality |
| 5:49 | Staff of Teleportation |
| 5:50 | Boots of Speed |
| 6:02 | Guard Tower |
| 6:46 | Scout Tower |
| 6:47 | Scout Tower |
| 6:51 | Advanced Masonry |
| 7:24 | Storm Bolt |
| 8:08 | Town Hall |
| 8:57 | Scout Tower |
| 8:57 | Scout Tower |
| 8:58 | Guard Tower |
| 9:00 | Arcane Sanctum |
| 9:02 | Castle |
| 9:07 | Healing Salve |
| 9:27 | Guard Tower |
| 9:51 | Brilliance Aura |
| 10:11 | Guard Tower |
| 10:14 | Scout Tower |
| 10:14 | Scout Tower |
| 10:23 | Magic Sentry |
| 10:24 | Priest |
| 10:24 | Priest Adept Training |
| 10:29 | Peasant |
| 10:29 | Peasant |
| 10:32 | Arcane Vault |
| 10:32 | Arcane Vault |
| 10:33 | Arcane Vault |
| 11:07 | Healing Salve |
| 11:07 | Lesser Clarity Potion |
| 11:18 | Guard Tower |
| 11:19 | Scout Tower |
| 11:20 | Scout Tower |
| 11:35 | Imbued Masonry |
| 11:36 | Priest |
| 12:13 | Tome of Retraining |
| 12:13 | Retrain Hero |
| 12:16 | Staff of Teleportation |
| 12:16 | Boots of Speed |
| 12:17 | Blizzard |
| 12:18 | Brilliance Aura |
| 12:30 | Holy Light |
| 12:34 | Staff of Sanctuary |
| 12:38 | Staff of Sanctuary |
| 12:55 | Guard Tower |
| 12:57 | Scout Tower |
| 12:57 | Scout Tower |
| 12:58 | Scout Tower |
| 12:58 | Scout Tower |
| 13:03 | Staff of Sanctuary |
| 13:23 | Priest Master Training |
| 14:17 | Guard Tower |
| 14:18 | Scout Tower |
| 14:19 | Scout Tower |
| 14:19 | Scout Tower |
| 14:20 | Scout Tower |
| 14:23 | Scout Tower |
| 14:23 | Scout Tower |
| 14:24 | Scout Tower |
| 14:25 | Scout Tower |
| 15:03 | Orb of Lightning |
| 15:39 | Gryphon Aviary |
| 15:40 | Blacksmith |
| 15:42 | Barracks |
| 15:44 | Farm |
| 16:06 | Staff of Teleportation |
| 16:06 | Boots of Speed |
| 16:06 | Periapt of Vitality |
| 16:12 | Circlet of Nobility |
| 16:24 | Bash |
| 16:30 | Guard Tower |
| 16:32 | Scout Tower |
| 16:32 | Scout Tower |
| 16:33 | Scout Tower |
| 16:34 | Scout Tower |
| 16:39 | Scout Tower |
| 16:40 | Scout Tower |
| 16:41 | Scout Tower |
| 16:42 | Scout Tower |
| 16:43 | Scout Tower |
| 17:08 | Arcane Tower |
| 17:13 | Arcane Tower |
| 17:19 | Arcane Tower |
| 17:26 | Divine Shield |
| 17:33 | Blizzard |
| 17:53 | Guard Tower |
| 17:56 | Scout Tower |
| 17:56 | Scout Tower |
| 17:57 | Scout Tower |
| 17:58 | Scout Tower |
| 18:29 | Guard Tower |
| 18:37 | Scout Tower |
| 18:38 | Scout Tower |
| 18:38 | Scout Tower |
| 18:40 | Scout Tower |
| 18:41 | Scout Tower |
| 18:51 | Guard Tower |
| 18:56 | Scout Tower |
| 18:56 | Scout Tower |
| 18:57 | Scout Tower |
| 18:57 | Scout Tower |
| 20:01 | Guard Tower |
| 20:07 | Guard Tower |
| 20:22 | Orb of Lightning |
| 20:48 | Arcane Tower |
| 21:08 | Guard Tower |
| 21:24 | Animal War Training |
| 21:30 | Studded Leather Armor |
| 21:33 | Dragonhawk Rider |
| 23:32 | Storm Bolt |
| 23:50 | Holy Light |
| 24:32 | Dragonhawk Rider |
| 24:32 | Dragonhawk Rider |
| 24:32 | Dragonhawk Rider |
| 24:34 | Dragonhawk Rider |
| 24:34 | Dragonhawk Rider |
| 25:11 | Brilliance Aura |
| Right click | 1800 |
| Select group | 1161 |
| Select | 290 |
| Build/train/purchase | 210 |
| Use ability | 94 |
| Chat | 91 |
| Misc. action | 52 |
| Resource trade | 37 |
| Assign group | 22 |
| Item give/drop | 4 |
| Esc | 3 |
| Minimap ping | 1 |



| Lesser Clarity Potion | 5 | 350 |
| Staff of Sanctuary | 3 | 750 |
| Orb of Fire | 1 | 325 |
| Boots of Speed | 3 | 750 |
| Staff of Teleportation | 3 | 450 |
| Periapt of Vitality | 2 | 650 |
| Potion of Lesser Invulnerability | 1 | 150 |
| Healing Salve | 3 | 300 |
| Orb of Lightning | 2 | 750 |
| total: | 23 | 4475g |
| Peasant | 21 | 1575 | / | 0 |
| Priest | 2 | 270 | / | 20 |
| total: | 23 | 1845g | / | 20w |
| Scout Tower | 66 | 1980 | / | 1320 |
| Arcane Tower | 3 | 210 | / | 150 |
| Guard Tower | 51 | 3570 | / | 2550 |
| Altar of Kings | 1 | 180 | / | 50 |
| Farm | 7 | 560 | / | 140 |
| Lumber Mill | 1 | 120 | / | 0 |
| Arcane Vault | 4 | 520 | / | 120 |
| Blacksmith | 1 | 140 | / | 60 |
| Barracks | 1 | 160 | / | 60 |
| Arcane Sanctum | 1 | 150 | / | 140 |
| Gryphon Aviary | 1 | 140 | / | 150 |
| Keep | 1 | 320 | / | 210 |
| Castle | 2 | 720 | / | 420 |
| total: | 83 | 3950g | / | 2040w |
| 0:01 | Peasant |
| 0:01 | Peasant |
| 0:06 | Altar of Kings |
| 0:18 | Farm |
| 0:19 | Peasant |
| 0:32 | Farm |
| 0:36 | Peasant |
| 0:43 | Peasant |
| 1:03 | Lumber Mill |
| 1:05 | Peasant |
| 1:10 | Peasant |
| 1:21 | Peasant |
| 1:23 | Peasant |
| 1:43 | Peasant |
| 1:50 | Peasant |
| 1:51 | Peasant |
| 2:02 | Scout Tower |
| 2:06 | Blizzard |
| 2:13 | Scout Tower |
| 2:18 | Peasant |
| 2:18 | Peasant |
| 2:29 | Scout Tower |
| 2:31 | Scout Tower |
| 2:34 | Scout Tower |
| 2:34 | Peasant |
| 2:57 | Arcane Tower |
| 2:58 | Arcane Tower |
| 3:00 | Scout Tower |
| 3:09 | Guard Tower |
| 3:10 | Scout Tower |
| 3:11 | Guard Tower |
| 3:16 | Scout Tower |
| 3:17 | Scout Tower |
| 3:19 | Scout Tower |
| 3:20 | Scout Tower |
| 3:29 | Guard Tower |
| 3:33 | Improved Masonry |
| 3:47 | Guard Tower |
| 3:51 | Guard Tower |
| 4:05 | Guard Tower |
| 4:09 | Guard Tower |
| 4:17 | Guard Tower |
| 4:18 | Scout Tower |
| 4:22 | Scout Tower |
| 4:22 | Scout Tower |
| 4:32 | Scout Tower |
| 4:39 | Scout Tower |
| 4:41 | Peasant |
| 4:41 | Peasant |
| 5:00 | Keep |
| 5:05 | Boots of Speed |
| 5:09 | Guard Tower |
| 5:15 | Staff of Teleportation |
| 5:15 | Periapt of Vitality |
| 5:44 | Scout Tower |
| 5:44 | Scout Tower |
| 5:45 | Scout Tower |
| 5:46 | Scout Tower |
| 6:19 | Scout Tower |
| 6:20 | Scout Tower |
| 6:22 | Scout Tower |
| 6:22 | Scout Tower |
| 6:30 | Guard Tower |
| 6:32 | Scout Tower |
| 6:32 | Scout Tower |
| 6:33 | Scout Tower |
| 6:46 | Scout Tower |
| 6:46 | Scout Tower |
| 6:47 | Scout Tower |
| 6:47 | Scout Tower |
| 6:49 | Guard Tower |
| 6:51 | Arcane Tower |
| 6:51 | Guard Tower |
| 6:52 | Farm |
| 6:53 | Farm |
| 7:08 | Guard Tower |
| 7:22 | Guard Tower |
| 7:28 | Brilliance Aura |
| 7:50 | Guard Tower |
| 8:11 | Guard Tower |
| 8:23 | Advanced Masonry |
| 8:23 | Imbued Masonry |
| 8:29 | Scout Tower |
| 8:35 | Lesser Clarity Potion |
| 8:35 | Lesser Clarity Potion |
| 8:56 | Scout Tower |
| 8:58 | Scout Tower |
| 8:58 | Storm Bolt |
| 9:20 | Guard Tower |
| 9:32 | Guard Tower |
| 9:37 | Scout Tower |
| 9:38 | Scout Tower |
| 9:53 | Guard Tower |
| 9:55 | Peasant |
| 9:55 | Peasant |
| 9:55 | Peasant |
| 9:56 | Peasant |
| 10:22 | Healing Salve |
| 10:22 | Lesser Clarity Potion |
| 10:53 | Arcane Vault |
| 10:54 | Arcane Vault |
| 10:55 | Guard Tower |
| 10:56 | Guard Tower |
| 10:57 | Scout Tower |
| 10:58 | Scout Tower |
| 11:00 | Scout Tower |
| 11:01 | Scout Tower |
| 11:18 | Scout Tower |
| 11:18 | Scout Tower |
| 11:19 | Arcane Vault |
| 11:20 | Arcane Vault |
| 11:21 | Lesser Clarity Potion |
| 11:49 | Guard Tower |
| 11:53 | Castle |
| 11:55 | Healing Salve |
| 11:55 | Healing Salve |
| 11:57 | Lesser Clarity Potion |
| 12:13 | Guard Tower |
| 12:24 | Farm |
| 12:25 | Farm |
| 12:27 | Improved Lumber Harvesting |
| 12:34 | Arcane Sanctum |
| 13:01 | Guard Tower |
| 13:17 | Scout Tower |
| 13:18 | Scout Tower |
| 13:35 | Scout Tower |
| 13:36 | Scout Tower |
| 13:36 | Scout Tower |
| 13:39 | Scout Tower |
| 13:39 | Scout Tower |
| 13:42 | Scout Tower |
| 13:42 | Scout Tower |
| 14:20 | Scout Tower |
| 14:20 | Scout Tower |
| 14:21 | Staff of Sanctuary |
| 14:24 | Staff of Sanctuary |
| 14:25 | Orb of Fire |
| 14:43 | Priest |
| 14:44 | Magic Sentry |
| 14:44 | Priest |
| 14:47 | Guard Tower |
| 14:48 | Guard Tower |
| 14:51 | Guard Tower |
| 15:00 | Bash |
| 15:02 | Guard Tower |
| 15:19 | Guard Tower |
| 15:37 | Guard Tower |
| 15:39 | Scout Tower |
| 15:39 | Guard Tower |
| 15:41 | Guard Tower |
| 15:41 | Guard Tower |
| 15:44 | Scout Tower |
| 16:00 | Scout Tower |
| 16:01 | Scout Tower |
| 16:01 | Scout Tower |
| 16:02 | Scout Tower |
| 16:08 | Holy Light |
| 16:31 | Boots of Speed |
| 16:33 | Potion of Lesser Invulnerability |
| 16:39 | Guard Tower |
| 16:39 | Guard Tower |
| 16:42 | Scout Tower |
| 16:43 | Scout Tower |
| 17:00 | Orb of Lightning |
| 17:13 | Guard Tower |
| 17:15 | Scout Tower |
| 17:15 | Scout Tower |
| 17:19 | Orb of Lightning |
| 17:23 | Guard Tower |
| 17:25 | Staff of Sanctuary |
| 17:36 | Guard Tower |
| 17:39 | Scout Tower |
| 17:40 | Scout Tower |
| 17:40 | Scout Tower |
| 17:53 | Boots of Speed |
| 18:09 | Staff of Teleportation |
| 18:11 | Guard Tower |
| 19:00 | Blizzard |
| 19:14 | Guard Tower |
| 20:39 | Staff of Teleportation |
| 20:40 | Periapt of Vitality |
| 21:01 | Guard Tower |
| 21:14 | Gryphon Aviary |
| 21:15 | Blacksmith |
| 21:16 | Barracks |
| 21:18 | Farm |
| 23:09 | Storm Bolt |
| 25:40 | Divine Shield |
| Right click | 2857 |
| Select | 769 |
| Select group | 287 |
| Build/train/purchase | 196 |
| Use ability | 98 |
| Chat | 47 |
| Misc. action | 11 |
| Assign group | 10 |
| Item give/drop | 6 |
| Resource trade | 5 |
| Minimap ping | 2 |
| Remove unit | 1 |
128 units @ 17.2k
/ 2.8k
68 buildings @ 10k
/ 4.6k


| Peasant | 10 | 750 | / | 0 |
| Rifleman | 6 | 1230 | / | 180 |
| Mortar Team | 7 | 1260 | / | 490 |
| Priest | 2 | 270 | / | 20 |
| Dragonhawk Rider | 7 | 1400 | / | 210 |
| total: | 32 | 4910g | / | 900w |
| Altar of Kings | 1 | 180 | / | 50 |
| Farm | 10 | 800 | / | 200 |
| Blacksmith | 1 | 140 | / | 60 |
| Barracks | 1 | 160 | / | 60 |
| Arcane Vault | 1 | 130 | / | 30 |
| Lumber Mill | 1 | 120 | / | 0 |
| Workshop | 2 | 280 | / | 280 |
| Arcane Sanctum | 1 | 150 | / | 140 |
| Gryphon Aviary | 3 | 420 | / | 450 |
| Keep | 1 | 320 | / | 210 |
| Castle | 1 | 360 | / | 210 |
| total: | 21 | 2380g | / | 1270w |
| 0:03 | Peasant |
| 0:03 | Peasant |
| 0:03 | Peasant |
| 0:14 | Altar of Kings |
| 0:20 | Farm |
| 0:21 | Peasant |
| 0:52 | Blacksmith |
| 0:58 | Farm |
| 1:03 | Peasant |
| 1:19 | Peasant |
| 1:19 | Peasant |
| 1:35 | Peasant |
| 1:39 | Farm |
| 1:52 | Barracks |
| 1:56 | Peasant |
| 2:14 | Peasant |
| 2:18 | Storm Bolt |
| 2:26 | Farm |
| 2:57 | Rifleman |
| 3:18 | Keep |
| 3:39 | Rifleman |
| 4:26 | Rifleman |
| 4:40 | Rifleman |
| 4:45 | Farm |
| 5:00 | Arcane Vault |
| 5:04 | Rifleman |
| 5:11 | Black Gunpowder |
| 5:31 | Lumber Mill |
| 5:48 | Workshop |
| 5:53 | Workshop |
| 6:13 | Long Rifles |
| 6:28 | Farm |
| 6:50 | Farm |
| 7:04 | Holy Light |
| 7:16 | Mortar Team |
| 7:19 | Improved Lumber Harvesting |
| 8:04 | Mortar Team |
| 8:05 | Flare |
| 9:20 | Mortar Team |
| 10:02 | Arcane Sanctum |
| 10:31 | Rifleman |
| 10:45 | Mortar Team |
| 10:47 | Refined Gunpowder |
| 11:05 | Gryphon Aviary |
| 11:07 | Gryphon Aviary |
| 11:21 | Gryphon Aviary |
| 11:24 | Bash |
| 11:35 | Priest |
| 11:53 | Mortar Team |
| 12:36 | Dragonhawk Rider |
| 12:54 | Castle |
| 14:53 | Dragonhawk Rider |
| 15:18 | Cloud |
| 15:19 | Dragonhawk Rider |
| 15:31 | Priest |
| 15:54 | Farm |
| 15:58 | Farm |
| 16:41 | Mortar Team |
| 16:59 | Fragmentation Shards |
| 17:00 | Mortar Team |
| 17:32 | Farm |
| 19:51 | Dragonhawk Rider |
| 19:52 | Dragonhawk Rider |
| 21:57 | Dragonhawk Rider |
| 22:04 | Dragonhawk Rider |
| Right click | 851 |
| Select group | 502 |
| Select | 325 |
| Build/train/purchase | 48 |
| Assign group | 41 |
| Misc. action | 39 |
| Use ability | 37 |
| Resource trade | 10 |
| Minimap ping | 5 |
| Remove unit | 1 |

| Wisp | 37 | 2220 | / | 0 |
| Archer | 12 | 1560 | / | 120 |
| Huntress | 7 | 1365 | / | 140 |
| Glaive Thrower | 6 | 1260 | / | 390 |
| Mountain Giant | 3 | 1050 | / | 300 |
| total: | 65 | 7455g | / | 950w |
| Ancient Protector | 11 | 1485 | / | 880 |
| Altar of Elders | 1 | 180 | / | 50 |
| Moon Well | 11 | 1980 | / | 440 |
| Ancient of War | 5 | 750 | / | 300 |
| Ancient of Wonders | 2 | 180 | / | 60 |
| Hunter's Hall | 1 | 210 | / | 100 |
| Tree of Life | 1 | 340 | / | 185 |
| Ancient of Lore | 2 | 310 | / | 290 |
| Tree of Ages | 1 | 320 | / | 180 |
| Tree of Eternity | 1 | 330 | / | 200 |
| total: | 34 | 5435g | / | 2305w |
| 0:06 | Altar of Elders |
| 0:08 | Moon Well |
| 0:08 | Wisp |
| 0:09 | Wisp |
| 0:22 | Wisp |
| 0:39 | Wisp |
| 0:51 | Wisp |
| 0:57 | Ancient of War |
| 1:04 | Wisp |
| 1:14 | Wisp |
| 1:14 | Wisp |
| 1:32 | Ancient of Wonders |
| 1:35 | Wisp |
| 1:36 | Wisp |
| 1:52 | Moon Well |
| 2:21 | Archer |
| 2:21 | Archer |
| 2:28 | Immolation |
| 2:40 | Hunter's Hall |
| 2:43 | Wisp |
| 2:44 | Wisp |
| 2:54 | Archer |
| 3:15 | Archer |
| 3:26 | Moon Well |
| 3:51 | Ancient Protector |
| 4:36 | Huntress |
| 4:37 | Huntress |
| 4:37 | Huntress |
| 5:04 | Wisp |
| 5:04 | Wisp |
| 5:04 | Wisp |
| 5:09 | Glaive Thrower |
| 5:10 | Glaive Thrower |
| 5:29 | Ancient Protector |
| 5:31 | Ancient Protector |
| 6:22 | Huntress |
| 6:22 | Huntress |
| 6:34 | Tree of Ages |
| 6:35 | Strength of the Moon |
| 6:36 | Ultravision |
| 6:40 | Mana Burn |
| 6:50 | Ancient Protector |
| 6:51 | Ancient Protector |
| 8:05 | Huntress |
| 8:05 | Huntress |
| 9:37 | Nature's Blessing |
| 9:38 | Improved Strength of the Moon |
| 9:54 | Vorpal Blades |
| 10:03 | Tree of Life |
| 11:37 | Glaive Thrower |
| 11:37 | Glaive Thrower |
| 11:38 | Glaive Thrower |
| 12:34 | Wisp |
| 12:34 | Wisp |
| 12:34 | Wisp |
| 12:35 | Wisp |
| 12:37 | Moon Well |
| 12:39 | Moon Armor |
| 12:45 | Wisp |
| 12:45 | Wisp |
| 12:45 | Wisp |
| 12:45 | Wisp |
| 12:46 | Wisp |
| 13:14 | Moon Well |
| 13:17 | Moon Well |
| 13:51 | Ancient Protector |
| 13:53 | Ancient Protector |
| 14:28 | Ancient Protector |
| 14:43 | Ancient Protector |
| 15:38 | Wisp |
| 15:38 | Wisp |
| 15:39 | Wisp |
| 15:39 | Wisp |
| 15:39 | Wisp |
| 15:46 | Tree of Eternity |
| 15:49 | Ancient of Lore |
| 16:37 | Glaive Thrower |
| 16:40 | Wisp |
| 16:40 | Wisp |
| 16:54 | Strength of the Wild |
| 16:56 | Reinforced Hides |
| 17:11 | Ancient of Lore |
| 17:22 | Wisp |
| 17:22 | Wisp |
| 17:23 | Wisp |
| 17:23 | Wisp |
| 17:46 | Moon Well |
| 17:51 | Wisp |
| 17:51 | Wisp |
| 17:52 | Moon Well |
| 18:11 | Moon Well |
| 18:14 | Ancient of Wonders |
| 18:43 | Moon Well |
| 18:45 | Ancient Protector |
| 18:51 | Moon Well |
| 19:49 | Ancient Protector |
| 19:53 | Hardened Skin |
| 19:54 | Resistant Skin |
| 20:00 | Improved Reinforced Hides |
| 20:35 | Improved Bows |
| 20:36 | Marksmanship |
| 20:37 | Archer |
| 20:38 | Archer |
| 20:38 | Archer |
| 20:38 | Archer |
| 20:39 | Archer |
| 21:08 | Ancient of War |
| 21:10 | Ancient of War |
| 21:14 | Mountain Giant |
| 21:21 | Mountain Giant |
| 21:36 | Mountain Giant |
| 21:46 | Advanced Reinforced Hides |
| 22:11 | Ancient of War |
| 22:12 | Ancient of War |
| 23:15 | Archer |
| 23:16 | Archer |
| 23:16 | Archer |
| 24:37 | Improved Strength of the Wild |
| Right click | 802 |
| Select | 359 |
| Build/train/purchase | 129 |
| Misc. action | 82 |
| Use ability | 22 |
| Chat | 22 |
| Select group | 15 |
| Assign group | 12 |
| Esc | 10 |
| Minimap ping | 5 |


| Staff of Preservation | 1 | 150 |
| Potion of Lesser Invulnerability | 1 | 150 |
| total: | 2 | 300g |
| Wisp | 14 | 840 | / | 0 |
| Archer | 4 | 520 | / | 40 |
| Glaive Thrower | 7 | 1470 | / | 455 |
| Chimaera | 6 | 1980 | / | 420 |
| total: | 31 | 4810g | / | 915w |
| Altar of Elders | 1 | 180 | / | 50 |
| Ancient of War | 2 | 300 | / | 120 |
| Moon Well | 6 | 1080 | / | 240 |
| Hunter's Hall | 1 | 210 | / | 100 |
| Ancient of Wind | 1 | 150 | / | 140 |
| Chimaera Roost | 2 | 280 | / | 380 |
| Tree of Ages | 1 | 320 | / | 180 |
| Tree of Eternity | 1 | 330 | / | 200 |
| total: | 13 | 2200g | / | 1030w |
| 0:02 | Wisp |
| 0:02 | Wisp |
| 0:14 | Wisp |
| 0:18 | Altar of Elders |
| 0:27 | Ancient of War |
| 0:33 | Moon Well |
| 0:38 | Wisp |
| 0:52 | Wisp |
| 1:02 | Wisp |
| 1:15 | Wisp |
| 1:35 | Archer |
| 1:39 | Moon Well |
| 1:42 | Wisp |
| 1:51 | Archer |
| 2:09 | Ancient of War |
| 2:12 | Wisp |
| 2:36 | Wisp |
| 2:41 | Hunter's Hall |
| 2:45 | Wisp |
| 2:53 | Mana Burn |
| 4:10 | Archer |
| 4:10 | Archer |
| 4:13 | Tree of Ages |
| 5:03 | Glaive Thrower |
| 5:31 | Glaive Thrower |
| 6:14 | Moon Well |
| 6:15 | Moon Well |
| 6:39 | Glaive Thrower |
| 6:47 | Glaive Thrower |
| 6:52 | Evasion |
| 7:01 | Tree of Eternity |
| 7:08 | Ancient of Wind |
| 7:10 | Ultravision |
| 7:11 | Strength of the Wild |
| 8:11 | Glaive Thrower |
| 9:07 | Improved Strength of the Wild |
| 9:35 | Glaive Thrower |
| 9:40 | Chimaera Roost |
| 9:42 | Chimaera Roost |
| 9:45 | Wisp |
| 9:45 | Wisp |
| 9:45 | Wisp |
| 10:08 | Glaive Thrower |
| 11:03 | Corrosive Breath |
| 12:07 | Chimaera |
| 13:08 | Chimaera |
| 13:09 | Advanced Strength of the Wild |
| 13:20 | Moon Well |
| 13:22 | Moon Well |
| 14:24 | Chimaera |
| 15:24 | Chimaera |
| 16:33 | Chimaera |
| 16:40 | Reinforced Hides |
| 16:41 | Improved Reinforced Hides |
| 17:29 | Chimaera |
| 18:28 | Potion of Lesser Invulnerability |
| 22:59 | Mana Burn |
| 23:18 | Entangling Roots |
| 23:23 | Staff of Preservation |
| Right click | 1422 |
| Select | 300 |
| Select group | 210 |
| Chat | 90 |
| Build/train/purchase | 68 |
| Misc. action | 52 |
| Assign group | 44 |
| Use ability | 32 |
| Resource trade | 9 |
| Remove unit | 2 |
⇛